 Dungeon Crawl Stone Soup version 0.29.0-4-gdea44cf6ec (webtiles) character file.

Game seed: 8050744289221518245

67115 qw the Brawler (level 14, -13/136 HPs)
             Began as a Troll Cinder Acolyte on Sept 1, 2022.
             Was an Elder of Okawaru.
             Killed from afar by an oklob plant (29 damage)
             ... with a splash of acid
             ... on level 3 of the Lair of Beasts.
             The game lasted 00:09:17 (13812 turns).

qw the Brawler (Troll Cinder Acolyte)              Turns: 13812, Time: 00:09:17

Health: -13/136    AC: -1    Str: 33    XL:     14   Next: 81%
Magic:  15/17      EV: 27    Int: 10    God:    Okawaru [****..]
Gold:   739        SH:  0    Dex: 11    Spells: 15/15 levels left

rFire   . . .      SeeInvis .     - Unarmed
rCold   + . .      Faith    .   (no shield)
rNeg    . . .      Spirit   .   r - +3 swamp dragon scales
rPois   +          Reflect  .   i - +2 hat
rElec   .          Harm     .   j - +0 cloak
rCorr   .          Rampage  .   (gloves unavailable)
Will    +....                   (boots unavailable)
Stlth   ++........              t - amulet "Sagacev" {Acrobat rPois rC+ Regen+ Str-2}
HPRegen 1.92/turn               p - +6 ring of strength
MPRegen 0.15/turn               o - +6 ring of dexterity

@: heroic, corroded, acrobatic, fire susceptible
A: large, unfitting armour, claws 3, regeneration 1, shaggy fur 1, tough skin 1
a: Renounce Religion, Heroism, Finesse


You were on level 3 of the Lair of Beasts.
You worshipped Okawaru.
Okawaru was greatly pleased with you.
You visited 3 branches of the dungeon, and saw 17 of its levels.

You collected 1187 gold pieces.
You spent 448 gold pieces at shops.


Innate Abilities, Weirdness & Mutations

You are too large for most types of armour.
You have claws for hands.
Your natural rate of healing is unusually fast.
You are covered in fur. (AC +1)
You have tough skin. (AC +1)


   Skills:
 + Level 8.0(13.0) Fighting
 - Level 8.0(13.0) Throwing
 - Level 4.0(9.0) Armour
 - Level 4.1(9.1) Dodging
 - Level 19.0(24.0) Unarmed Combat
 - Level 1.0 Spellcasting
 - Level 2.1 Fire Magic
 + Level 6.4 Invocations


You had 15 spell levels left.
You didn't know any spells.
Your spell library contained the following spells:

 Spells                   Type           Power      Damage    Failure   Level
 Scorch                   Fire           8%         2d5       28%         2

Inventory:

Missiles
 s - 9 large rocks (quivered)
 u - 3 boomerangs
 v - 5 javelins
Armour
 i - a +2 hat (worn)
 j - a +0 cloak (worn)
 r - +3 swamp dragon scales (worn)
Jewellery
 g - an amulet of reflection
 l - a ring of poison resistance
 m - a ring of protection from cold
 o - a +6 ring of dexterity (right claw)
 p - a +6 ring of strength (left claw)
 t - the amulet "Sagacev" (around neck) {Acrobat rPois rC+ Regen+ Str-2}
   (You found it on level 9 of the Dungeon)

   [amulet of the acrobat]

   It increases your evasion while moving and waiting.
   Str:       It affects your strength (-2).
   rC:        It protects you from cold.
   rPois:     It protects you from poison.
   Regen:     It increases your rate of health regeneration.
Wands
 c - a wand of digging (4)
Scrolls
 b - 3 scrolls of enchant weapon
 e - 7 scrolls of identify
 f - 2 scrolls of brand weapon
Potions
 d - 2 potions of resistance
 h - 6 potions of mutation
 k - 11 potions of curing

Dungeon Overview and Level Annotations

Branches:
Dungeon (11/15)            Temple (1/1) D:6            Lair (5/5) D:11
 Shoals (0/4) Lair:3       Spider (0/4) Lair:3          Orc (0/2) D:9
  Slime: Lair:4-5

Altars:
Ashenzari
Cheibriados
Dithmenos
Hepliaklqana
Kikubaaqudgha
Makhleb
Okawaru
Trog
Uskayaw
Vehumet
Xom
Yredelemnul
The Shining One

Shops:
D:4 ?   D:10 *

Annotations:
D:7 1 transporter, qw's ghost, novice TrCA
D:9 2 runed translucent doors
D:10 3 runed translucent doors


Message History

You are no longer corroded.
The oklob plant spits acid at you. The splash of acid hits you!
The acid corrodes you!
You feel like a meek peon again. The oklob plant spits acid at you.
The splash of acid hits you!!
13774 ||| INVOKING Heroism.
You gain the combat prowess of a mighty hero.
The oklob plant spits acid at you.
The splash of acid hits you but does no damage.
The acid corrodes you! The oklob plant spits acid at you.
The splash of acid hits you!! The acid corrodes you!
The oklob plant spits acid at you. The splash of acid hits you!
The oklob plant spits acid at you. The splash of acid hits you!
You feel like a meek peon again. The oklob plant spits acid at you.
The splash of acid hits you!! The acid corrodes you!
13787 ||| INVOKING Heroism.
You gain the combat prowess of a mighty hero.
The oklob plant spits acid at you. The splash of acid misses you.
The oklob plant spits acid at you. The splash of acid hits you!!
The acid corrodes you! The oklob plant spits acid at you.
The splash of acid misses you.
You feel like a meek peon again. The oklob plant spits acid at you.
The splash of acid hits you!!
13808 ||| INVOKING Heroism.
You gain the combat prowess of a mighty hero.
The oklob plant spits acid at you. The splash of acid hits you!!
The acid corrodes you! The oklob plant spits acid at you.
The splash of acid hits you!! The oklob plant spits acid at you.
The splash of acid hits you!!
You die...

############......###.#.
#.........#........##.#P
#.........#...........#.
#........#........!.##..
#.................#####.
#....PPP............# #.
#...?PPP............# ##
###..PPP....###....## #
##..$.@...# #...## #
#.....#.## ##.##
#...#...## ###
#...##...# #.. #...# #.
..### . ... ...#


You could see an oklob plant.

Vanquished Creatures
  Gastronok (Lair:2)
  Snorg (Lair:5)
  Harold (D:10)
  2 boulder beetles
  A merfolk avatar (Lair:5)
  A centaur warrior (D:9)
  3 two-headed ogres
  3 death yaks (Lair:2)
  3 sea snakes (Lair:5)
  An orb spider (Lair:3)
  3 harpies (Lair:5)
  An ugly thing (D:8)
  An oklob plant (D:11)
  A cyclops (D:11)
  A manticore (Lair:3)
  Joseph (D:10)
  An elephant (Lair:5)
  12 cane toads
  2 unseen horrors (D:11)
  Maggie (D:10)
  2 rime drakes (Lair:5)
  3 komodo dragons
  A troll (D:9)
  A queen bee (D:11)
  3 polar bears
  A wind drake (Lair:3)
  16 blink frogs
  4 slime creatures (D:10)
  58 yaks
  6 wyverns
  A wraith (D:11)
  A steam dragon (Lair:5)
  14 fire elementals
  A warg (D:8)
  5 water moccasins
  An orc warrior (D:9)
  Duvessa (D:7)
  A sky beast (D:7)
  6 ogres
  13 centaurs
  15 wolves
  3 gnoll sergeants
  10 bullfrogs
  4 kobold brigands (D:8)
  A necrophage (D:5)
  A scorpion (D:5)
  11 wights
  Dowan (D:7)
  12 killer bees (D:11)
  12 howler monkeys
  An electric eel (Lair:2)
  16 orc priests
  8 hounds
  5 jellies
  3 gnoll boudas
  2 iguanas (D:6)
  15 orc wizards
  19 gnolls
  8 adders
  A worm (D:4)
  2 dart slugs
  29 orcs
  8 ball pythons
  5 endoplasms
  2 giant cockroaches
  7 goblins
  9 hobgoblins
  5 quokkas
  6 bats
  A frilled lizard (D:1)
  16 kobolds
  5 rats
423 creatures vanquished.

Vanquished Creatures (others)
  9 fungi
  38 plants
47 creatures vanquished.

Grand Total: 470 creatures vanquished

Notes
Turn   | Place    | Note
-------+----------+-------------------------------------------
     0 | D:1      | qw the Troll Cinder Acolyte began the quest for the Orb.
     0 | D:1      | Reached XP level 1. HP: 22/22 MP: 1/1
     0 | D:1      | 0 ||| qw: Version: 0.1-a-97-g2dd2ca4
     0 | D:1      | 0 ||| qw: Game counter: 4808
     0 | D:1      | 0 ||| qw: Always use a shield: true
     0 | D:1      | 0 ||| qw: God list: Okawaru
     0 | D:1      | 0 ||| qw: Allow faded altars: false
     0 | D:1      | 0 ||| qw: Do Orc after D:15 true
     0 | D:1      | 0 ||| qw: Do second Lair branch before Depths: true
     0 | D:1      | 0 ||| qw: Lair rune preference: random
     0 | D:1      | 0 ||| qw: Plans: Normal
     0 | D:1      | 0 ||| PLANNING D:1-11
    82 | D:1      | 82 ||| Stepping ~*~*~tactically~*~*~ (outnumbered).
    98 | D:1      | Reached XP level 2. HP: 29/29 MP: 2/2
   235 | D:1      | Reached skill level 4 in Unarmed Combat
   240 | D:1      | 240 ||| Stepping ~*~*~tactically~*~*~ (stealth).
   294 | D:1      | Found a faded altar of an unknown god.
   546 | D:1      | Reached XP level 3. HP: 36/36 MP: 3/3
   776 | D:1      | 776 ||| DROPPING scarf of shadows.
   777 | D:1      | 777 ||| UPGRADING to amulet of reflection.
   782 | D:1      | 782 ||| READING 2 scrolls labelled FOXUEPN IXURR.
   783 | D:1      | 783 ||| READING scroll labelled LUWOET LORUDA.
   784 | D:1      | 784 ||| READING scroll labelled LYBEPY CETHOYT.
   785 | D:1      | 785 ||| READING scroll labelled RORUSMA PUARPH.
   901 | D:2      | 901 ||| Stepping ~*~*~tactically~*~*~ (stealth).
   905 | D:2      | 905 ||| Stepping ~*~*~tactically~*~*~ (stealth).
   920 | D:2      | 920 ||| INVOKING Fiery Armour.
   926 | D:2      | HP: 8/36 [orc priest/divine providence (14)]
   929 | D:2      | Reached skill level 5 in Unarmed Combat
   929 | D:2      | Reached XP level 4. HP: 12/44 MP: 4/4
  1725 | D:2      | 1725 ||| READING scroll labelled KENKOBOJAO.
  1726 | D:2      | 1726 ||| READING scroll labelled KUNOOL BIANKU.
  1727 | D:2      | 1727 ||| READING scroll labelled RIRHURCHUYH.
  1728 | D:2      | 1728 ||| READING 3 scrolls of identify.
  1728 | D:2      | 1728 ||| IDENTIFYING brown potion
  1729 | D:2      | 1729 ||| READING 2 scrolls of identify.
  1729 | D:2      | 1729 ||| IDENTIFYING black potion
  1730 | D:2      | 1730 ||| DROPPING potion of ambrosia.
  1862 | D:3      | Found a bloodstained altar of Trog.
  2484 | D:3      | 2484 ||| DROPPING +6 ring of intelligence.
  2485 | D:3      | 2485 ||| READING scroll labelled VYELIL ATTAALA.
  2486 | D:3      | 2486 ||| DRINKING 3 yellow potions.
  2550 | D:4      | 2550 ||| Stepping ~*~*~tactically~*~*~ (stealth).
  2553 | D:4      | 2553 ||| Stepping ~*~*~tactically~*~*~ (outnumbered).
  2576 | D:4      | Reached XP level 5. HP: 50/50 MP: 5/5
  2635 | D:4      | Found a radiant altar of Vehumet.
  2902 | D:4      | Reached skill level 6 in Unarmed Combat
  2984 | D:4      | 2984 ||| Stepping ~*~*~tactically~*~*~ (stealth).
  3145 | D:4      | Found Zuzehyla's Magic Scroll Boutique.
  3153 | D:4      | 3153 ||| BUYING scroll of brand weapon (104 gold).
  3153 | D:4      | Bought a scroll of brand weapon for 104 gold pieces
  3153 | D:4      | 3153 ||| BUYING scroll of enchant weapon (82 gold).
  3153 | D:4      | Bought a scroll of enchant weapon for 82 gold pieces
  3153 | D:4      | 3153 ||| SHOPLISTING scroll of enchant weapon (82 gold,
                  | have 40).
  3153 | D:4      | 3153 ||| BUYING scroll of identify (22 gold).
  3153 | D:4      | Bought a scroll of identify for 22 gold pieces
  3153 | D:4      | 3153 ||| SHOPLISTING scroll of identify (22 gold, have 18).
  3153 | D:4      | 3153 ||| SHOPLISTING scroll of teleportation (33 gold, have
                  | 18).
  3221 | D:4      | Found a glowing golden altar of the Shining One.
  3282 | D:4      | 3282 ||| READING 2 scrolls labelled GEMINI SAOTSI.
  3283 | D:4      | 3283 ||| DRINKING 2 bubbling purple potions.
  3284 | D:4      | 3284 ||| READING 3 scrolls of identify.
  3284 | D:4      | 3284 ||| IDENTIFYING fizzy coppery potion
  3285 | D:4      | 3285 ||| DROPPING potion of attraction.
  3286 | D:4      | 3286 ||| DROPPING scroll of butterflies.
  3292 | D:5      | Entered Level 5 of the Dungeon
  3381 | D:5      | Reached XP level 6. HP: 59/59 MP: 6/6
  3403 | D:5      | 3403 ||| INVOKING Fiery Armour.
  3408 | D:5      | 3408 ||| Stepping ~*~*~tactically~*~*~ (outnumbered).
  3411 | D:5      | Reached skill level 7 in Unarmed Combat
  3795 | D:5      | Reached skill level 8 in Unarmed Combat
  3795 | D:5      | Reached XP level 7. HP: 66/66 MP: 7/7
  3994 | D:5      | 3994 ||| READING scroll labelled TIDO LIADUC.
  3995 | D:5      | 3995 ||| READING 2 scrolls of identify.
  3995 | D:5      | 3995 ||| IDENTIFYING ruby potion
  4048 | D:6      | Reached skill level 3 in Fighting
  4143 | D:6      | Found a staircase to the Ecumenical Temple.
  4617 | D:6      | 4617 ||| UPGRADING to +0 cloak.
  4622 | D:6      | 4622 ||| UPGRADING to ring of poison resistance.
  4623 | D:6      | 4623 ||| READING scroll labelled VEEZEMASKU.
  4624 | D:6      | 4624 ||| DRINKING 2 metallic orange potions.
  4625 | D:6      | 4625 ||| DROPPING potion of invisibility.
  4635 | D:7      | 4635 ||| Stepping ~*~*~tactically~*~*~ (stealth).
  4637 | D:7      | 4637 ||| Stepping ~*~*~tactically~*~*~ (stealth).
  4638 | D:7      | 4638 ||| Stepping ~*~*~tactically~*~*~ (stealth).
  4644 | D:7      | 4644 ||| Stepping ~*~*~tactically~*~*~ (hiding).
  4646 | D:7      | 4646 ||| Stepping ~*~*~tactically~*~*~ (outnumbered).
  4652 | D:7      | Reached skill level 9 in Unarmed Combat
  4658 | D:7      | Reached skill level 1 in Dodging
  4772 | D:7      | Found a transporter.
  4773 | D:7      | Noticed qw's ghost (novice TrCA)
  4774 | D:7      | Identified the +3 great mace of Disembowelment {freeze, rC+
                  | Will- Dex+3}
  4774 | D:7      | Noticed a two-headed ogre
  4806 | D:7      | Found a hazy altar of Hepliaklqana.
  4936 | D:7      | Noticed a wyvern
  4944 | D:7      | Killed a wyvern
  4945 | D:7      | Reached XP level 8. HP: 50/75 MP: 8/8
  5298 | D:7      | Noticed Duvessa
  5298 | D:7      | Noticed Dowan
  5299 | D:7      | 5299 ||| INVOKING Fiery Armour.
  5302 | D:7      | 5302 ||| Stepping ~*~*~tactically~*~*~ (outnumbered).
  5304 | D:7      | Killed Duvessa
  5310 | D:7      | Killed Dowan
  5465 | D:7      | Reached skill level 10 in Unarmed Combat
  5478 | D:7      | 5478 ||| READING 5 scrolls of identify.
  5478 | D:7      | 5478 ||| IDENTIFYING sapphire potion
  5479 | D:7      | 5479 ||| READING 4 scrolls of identify.
  5479 | D:7      | 5479 ||| IDENTIFYING bubbling sapphire potion
  5480 | D:7      | 5480 ||| DROPPING potion of brilliance.
  5481 | D:7      | 5481 ||| DROPPING potion of flight.
  5505 | D:8      | Noticed a two-headed ogre
  5511 | D:8      | Killed a two-headed ogre
  5512 | D:8      | 5512 ||| STAIRDANCE
  5536 | D:8      | 5536 ||| Stepping ~*~*~tactically~*~*~ (hiding).
  5538 | D:8      | 5538 ||| Stepping ~*~*~tactically~*~*~ (hiding).
  5540 | D:8      | 5540 ||| INVOKING Fiery Armour.
  5546 | D:8      | Reached XP level 9. HP: 89/89 MP: 9/9
  5668 | D:8      | 5668 ||| Stepping ~*~*~tactically~*~*~ (stealth).
  5680 | D:8      | 5680 ||| Stepping ~*~*~tactically~*~*~ (stealth).
  5683 | D:8      | Reached skill level 1 in Throwing
  5690 | D:8      | 5690 ||| INVOKING Fiery Armour.
  5694 | D:8      | 5694 ||| Stepping ~*~*~tactically~*~*~ (outnumbered).
  5702 | D:8      | 5702 ||| Stepping ~*~*~tactically~*~*~ (outnumbered).
  5703 | D:8      | 5703 ||| Stepping ~*~*~tactically~*~*~ (outnumbered).
  5704 | D:8      | 5704 ||| Stepping ~*~*~tactically~*~*~ (outnumbered).
  5705 | D:8      | 5705 ||| Stepping ~*~*~tactically~*~*~ (outnumbered).
  5706 | D:8      | 5706 ||| Stepping ~*~*~tactically~*~*~ (outnumbered).
  5742 | D:8      | 5742 ||| Stepping ~*~*~tactically~*~*~ (stealth).
  5764 | D:8      | 5764 ||| Stepping ~*~*~tactically~*~*~ (stealth).
  5766 | D:8      | Noticed a red ugly thing
  5773 | D:8      | Reached skill level 11 in Unarmed Combat
  5773 | D:8      | 5773 ||| Stepping ~*~*~tactically~*~*~ (hiding).
  5794 | D:8      | Killed a red ugly thing
  5803 | D:8      | 5803 ||| FLEEEEING.
  5812 | D:8      | 5812 ||| STAIRDANCE
  5835 | D:7      | 5835 ||| READING scroll labelled HUAKITU JEAKH.
  5860 | D:8      | 5860 ||| Stepping ~*~*~tactically~*~*~ (hiding).
  5862 | D:8      | 5862 ||| Stepping ~*~*~tactically~*~*~ (hiding).
  5864 | D:8      | Noticed a two-headed ogre
  5864 | D:8      | You fall into a shaft and drop 3 floors!
  5874 | D:11     | Noticed a two-headed ogre
  5884 | D:11     | Killed a two-headed ogre
  5885 | D:11     | Reached skill level 12 in Unarmed Combat
  6104 | D:10     | Entered Level 10 of the Dungeon
  6116 | D:10     | Found a runed translucent gate.
  6116 | D:10     | Found a runed translucent gate.
  6116 | D:10     | Found a runed translucent gate.
  6117 | D:10     | Noticed a deep troll
  6117 | D:10     | Noticed a purple ugly thing
  6117 | D:10     | Noticed a torpor snail
  6117 | D:10     | a deep troll changed into a torpor snail
  6118 | D:10     | Noticed a glowing orange brain
  6118 | D:10     | Noticed a purple ugly thing
  6118 | D:10     | Noticed a faun
  6118 | D:10     | a torpor snail changed into a faun
  6118 | D:10     | Noticed a purple ugly thing
  6119 | D:10     | Noticed a purple ugly thing
  6123 | D:10     | Noticed a sea snake
  6123 | D:10     | a faun changed into a sea snake
  6141 | D:10     | Found a hide-covered altar of Uskayaw.
  6143 | D:10     | 6143 ||| Stepping ~*~*~tactically~*~*~ (stealth).
  6145 | D:10     | 6145 ||| Stepping ~*~*~tactically~*~*~ (hiding).
  6157 | D:10     | Reached XP level 10. HP: 96/98 MP: 10/10
  6214 | D:10     | Found Xuroixko's Changing Room.
  6224 | D:10     | 6224 ||| UPGRADING to +0 robe of positive energy.
  6226 | D:10     | 6226 ||| UPGRADING to +0 robe of positive energy.
  6228 | D:10     | 6228 ||| UPGRADING to +0 robe of positive energy.
  6229 | D:10     | 6229 ||| UPGRADING to +0 robe of positive energy.
  6230 | D:10     | 6230 ||| UPGRADING to +0 robe of positive energy.
  6243 | D:10     | 6243 ||| DROPPING +0 robe.
  6244 | D:10     | 6244 ||| Stepping randomly (stuck).
  6245 | D:10     | 6245 ||| Stepping randomly (stuck).
  6246 | D:10     | 6246 ||| Stepping randomly (stuck).
  6247 | D:10     | 6247 ||| Stepping randomly (stuck).
  6248 | D:10     | 6248 ||| Stepping randomly (stuck).
  6249 | D:10     | 6249 ||| Stepping randomly (stuck).
  6250 | D:10     | 6250 ||| Stepping randomly (stuck).
  6251 | D:10     | 6251 ||| Stepping randomly (stuck).
  6252 | D:10     | 6252 ||| Stepping randomly (stuck).
  6253 | D:10     | 6253 ||| Stepping randomly (stuck).
  6254 | D:10     | 6254 ||| Stepping randomly (stuck).
  6256 | D:10     | 6256 ||| Stepping randomly (stuck).
  6257 | D:10     | 6257 ||| Stepping randomly (stuck).
  6259 | D:10     | 6259 ||| Stepping randomly (stuck).
  6260 | D:10     | 6260 ||| Stepping randomly (stuck).
  6261 | D:10     | 6261 ||| Stepping randomly (stuck).
  6262 | D:10     | 6262 ||| Stepping randomly (stuck).
  6263 | D:10     | 6263 ||| Stepping randomly (stuck).
  6264 | D:10     | 6264 ||| Stepping randomly (stuck).
  6265 | D:10     | 6265 ||| Stepping randomly (stuck).
  6266 | D:10     | 6266 ||| Stepping randomly (stuck).
  6267 | D:10     | 6267 ||| Stepping randomly (stuck).
  6272 | D:10     | 6272 ||| Stepping randomly (stuck).
  6273 | D:10     | 6273 ||| Stepping randomly (stuck).
  6274 | D:10     | 6274 ||| Stepping randomly (stuck).
  6275 | D:10     | 6275 ||| Stepping randomly (stuck).
  6276 | D:10     | 6276 ||| Stepping randomly (stuck).
  6277 | D:10     | 6277 ||| Stepping randomly (stuck).
  6278 | D:10     | 6278 ||| Stepping randomly (stuck).
  6279 | D:10     | 6279 ||| Stepping randomly (stuck).
  6280 | D:10     | 6280 ||| Stepping randomly (stuck).
  6281 | D:10     | 6281 ||| Stepping randomly (stuck).
  6282 | D:10     | 6282 ||| Stepping randomly (stuck).
  6283 | D:10     | 6283 ||| Stepping randomly (stuck).
  6284 | D:10     | 6284 ||| Stepping randomly (stuck).
  6285 | D:10     | 6285 ||| Stepping randomly (stuck).
  6286 | D:10     | 6286 ||| Stepping randomly (stuck).
  6287 | D:10     | 6287 ||| Stepping randomly (stuck).
  6288 | D:10     | 6288 ||| Stepping randomly (stuck).
  6289 | D:10     | 6289 ||| Stepping randomly (stuck).
  6290 | D:10     | 6290 ||| Stepping randomly (stuck).
  6291 | D:10     | 6291 ||| Stepping randomly (stuck).
  6292 | D:10     | 6292 ||| Stepping randomly (stuck).
  6293 | D:10     | 6293 ||| Stepping randomly (stuck).
  6294 | D:10     | 6294 ||| Stepping randomly (stuck).
  6295 | D:10     | 6295 ||| Stepping randomly (stuck).
  6296 | D:10     | 6296 ||| Stepping randomly (stuck).
  6297 | D:10     | 6297 ||| Stepping randomly (stuck).
  6298 | D:10     | 6298 ||| Stepping randomly (stuck).
  6299 | D:10     | 6299 ||| Stepping randomly (stuck).
  6300 | D:10     | 6300 ||| Stepping randomly (stuck).
  6301 | D:10     | 6301 ||| Stepping randomly (stuck).
  6302 | D:10     | 6302 ||| Stepping randomly (stuck).
  6303 | D:10     | 6303 ||| Stepping randomly (stuck).
  6304 | D:10     | 6304 ||| Stepping randomly (stuck).
  6305 | D:10     | 6305 ||| Stepping randomly (stuck).
  6306 | D:10     | 6306 ||| Stepping randomly (stuck).
  6307 | D:10     | 6307 ||| Stepping randomly (stuck).
  6308 | D:10     | 6308 ||| Stepping randomly (stuck).
  6309 | D:10     | 6309 ||| Stepping randomly (stuck).
  6310 | D:10     | 6310 ||| Stepping randomly (stuck).
  6311 | D:10     | 6311 ||| Stepping randomly (stuck).
  6312 | D:10     | 6312 ||| Stepping randomly (stuck).
  6313 | D:10     | 6313 ||| Stepping randomly (stuck).
  6314 | D:10     | 6314 ||| Stepping randomly (stuck).
  6315 | D:10     | 6315 ||| Stepping randomly (stuck).
  6316 | D:10     | 6316 ||| Stepping randomly (stuck).
  6317 | D:10     | 6317 ||| Stepping randomly (stuck).
  6318 | D:10     | 6318 ||| Stepping randomly (stuck).
  6319 | D:10     | 6319 ||| Stepping randomly (stuck).
  6320 | D:10     | 6320 ||| Stepping randomly (stuck).
  6321 | D:10     | 6321 ||| Stepping randomly (stuck).
  6322 | D:10     | 6322 ||| Stepping randomly (stuck).
  6323 | D:10     | 6323 ||| Stepping randomly (stuck).
  6324 | D:10     | 6324 ||| Stepping randomly (stuck).
  6325 | D:10     | 6325 ||| Stepping randomly (stuck).
  6326 | D:10     | 6326 ||| Stepping randomly (stuck).
  6327 | D:10     | 6327 ||| Stepping randomly (stuck).
  6328 | D:10     | 6328 ||| Stepping randomly (stuck).
  6329 | D:10     | 6329 ||| Stepping randomly (stuck).
  6330 | D:10     | 6330 ||| Stepping randomly (stuck).
  6331 | D:10     | 6331 ||| Stepping randomly (stuck).
  6332 | D:10     | 6332 ||| Stepping randomly (stuck).
  6333 | D:10     | 6333 ||| Stepping randomly (stuck).
  6334 | D:10     | 6334 ||| Stepping randomly (stuck).
  6335 | D:10     | 6335 ||| Stepping randomly (stuck).
  6336 | D:10     | 6336 ||| Stepping randomly (stuck).
  6337 | D:10     | 6337 ||| Stepping randomly (stuck).
  6338 | D:10     | 6338 ||| Stepping randomly (stuck).
  6339 | D:10     | 6339 ||| Stepping randomly (stuck).
  6340 | D:10     | 6340 ||| Stepping randomly (stuck).
  6341 | D:10     | 6341 ||| Stepping randomly (stuck).
  6342 | D:10     | 6342 ||| Stepping randomly (stuck).
  6343 | D:10     | 6343 ||| Stepping randomly (stuck).
  6344 | D:10     | 6344 ||| Stepping randomly (stuck).
  6345 | D:10     | 6345 ||| Stepping randomly (stuck).
  6346 | D:10     | 6346 ||| Stepping randomly (stuck).
  6347 | D:10     | 6347 ||| Stepping randomly (stuck).
  6348 | D:10     | 6348 ||| Stepping randomly (stuck).
  6349 | D:10     | 6349 ||| Stepping randomly (stuck).
  6350 | D:10     | 6350 ||| Stepping randomly (stuck).
  6351 | D:10     | 6351 ||| Stepping randomly (stuck).
  6353 | D:10     | 6353 ||| Stepping randomly (stuck).
  6356 | D:10     | 6356 ||| Stepping randomly (stuck).
  6357 | D:10     | 6357 ||| Stepping randomly (stuck).
  6359 | D:10     | 6359 ||| Stepping randomly (stuck).
  6361 | D:10     | 6361 ||| Stepping randomly (stuck).
  6363 | D:10     | 6363 ||| Stepping randomly (stuck).
  6370 | D:10     | 6370 ||| Stepping randomly (stuck).
  6371 | D:10     | 6371 ||| Stepping randomly (stuck).
  6372 | D:10     | 6372 ||| Stepping randomly (stuck).
  6373 | D:10     | 6373 ||| Stepping randomly (stuck).
  6374 | D:10     | 6374 ||| Stepping randomly (stuck).
  6375 | D:10     | 6375 ||| Stepping randomly (stuck).
  6376 | D:10     | 6376 ||| Stepping randomly (stuck).
  6377 | D:10     | 6377 ||| Stepping randomly (stuck).
  6378 | D:10     | 6378 ||| Stepping randomly (stuck).
  6379 | D:10     | 6379 ||| Stepping randomly (stuck).
  6380 | D:10     | 6380 ||| Stepping randomly (stuck).
  6381 | D:10     | 6381 ||| Stepping randomly (stuck).
  6382 | D:10     | 6382 ||| Stepping randomly (stuck).
  6383 | D:10     | 6383 ||| Stepping randomly (stuck).
  6384 | D:10     | 6384 ||| Stepping randomly (stuck).
  6385 | D:10     | 6385 ||| Stepping randomly (stuck).
  6386 | D:10     | 6386 ||| Stepping randomly (stuck).
  6387 | D:10     | 6387 ||| Stepping randomly (stuck).
  6388 | D:10     | 6388 ||| Stepping randomly (stuck).
  6390 | D:10     | 6390 ||| Stepping ~*~*~tactically~*~*~ (outnumbered).
  6398 | D:10     | Reached skill level 3 in Throwing
  6402 | D:10     | Reached skill level 13 in Unarmed Combat
  6406 | D:10     | Reached skill level 1 in Armour
  6417 | D:10     | 6417 ||| READING scroll labelled OQUUGI INEWY.
  6417 | D:10     | Identified a scroll of acquirement
  6417 | D:10     | 6417 ||| ACQUIRING ring of ice
  6417 | D:10     | Acquired a ring of ice
  6438 | D:9      | 6438 ||| Stepping ~*~*~tactically~*~*~ (outnumbered).
  6556 | D:9      | Found a shadowy altar of Dithmenos.
  6570 | D:9      | 6570 ||| INVOKING Fiery Armour.
  6573 | D:9      | 6573 ||| Stepping ~*~*~tactically~*~*~ (outnumbered).
  6574 | D:9      | 6574 ||| Stepping ~*~*~tactically~*~*~ (outnumbered).
  6579 | D:9      | 6579 ||| Stepping ~*~*~tactically~*~*~ (outnumbered).
  6598 | D:9      | Reached skill level 14 in Unarmed Combat
  6604 | D:9      | Reached skill level 6 in Fighting
  6721 | D:9      | Noticed a centaur warrior
  6733 | D:9      | 6733 ||| Stepping ~*~*~tactically~*~*~ (hiding).
  6737 | D:9      | 6737 ||| Stepping ~*~*~tactically~*~*~ (hiding).
  6790 | D:9      | 6790 ||| INVOKING Fiery Armour.
  6791 | D:9      | HP: 23/98 [orc warrior/+0 battleaxe (6)]
  6792 | D:9      | 6792 ||| DRINKING 3 potions of heal wounds.
  6794 | D:9      | 6794 ||| Stepping ~*~*~tactically~*~*~ (outnumbered).
  6798 | D:9      | Killed a centaur warrior
  6869 | D:9      | Identified the amulet "Sagacev" {Acrobat rPois rC+ Regen+
                  | Str-2}
  7092 | D:9      | 7092 ||| DROPPING orb of mayhem.
  7093 | D:9      | 7093 ||| UPGRADING to +0 troll leather armour.
  7103 | D:9      | 7103 ||| DROPPING +0 robe of positive energy.
  7104 | D:9      | 7104 ||| UPGRADING to amulet "Sagacev" {Acrobat rPois rC+
                  | Regen+ Str-2}.
  7114 | D:9      | 7114 ||| REMOVING ring of poison resistance.
  7115 | D:9      | 7115 ||| DROPPING ring of flight.
  7116 | D:9      | 7116 ||| UPGRADING to +6 ring of strength.
  7117 | D:9      | 7117 ||| UPGRADING to ring of willpower.
  7142 | D:8      | 7142 ||| Stepping ~*~*~tactically~*~*~ (hiding).
  7144 | D:8      | 7144 ||| Stepping ~*~*~tactically~*~*~ (hiding).
  7145 | D:8      | 7145 ||| Stepping ~*~*~tactically~*~*~ (hiding).
  7184 | D:8      | 7184 ||| FLEEEEING.
  7185 | D:8      | 7185 ||| FLEEEEING.
  7186 | D:8      | 7186 ||| FLEEEEING.
  7194 | D:8      | 7194 ||| Stepping ~*~*~tactically~*~*~ (hiding).
  7196 | D:8      | 7196 ||| Stepping ~*~*~tactically~*~*~ (hiding).
  7201 | D:8      | 7201 ||| Stepping ~*~*~tactically~*~*~ (hiding).
  7203 | D:8      | 7203 ||| Stepping ~*~*~tactically~*~*~ (hiding).
  7205 | D:8      | 7205 ||| Stepping ~*~*~tactically~*~*~ (hiding).
  7262 | D:8      | 7262 ||| Stepping ~*~*~tactically~*~*~ (stealth).
  7264 | D:8      | 7264 ||| Stepping ~*~*~tactically~*~*~ (stealth).
  7265 | D:8      | 7265 ||| Stepping ~*~*~tactically~*~*~ (stealth).
  7269 | D:8      | 7269 ||| Stepping ~*~*~tactically~*~*~ (hiding).
  7273 | D:8      | Killed a two-headed ogre
  7274 | D:8      | Reached skill level 15 in Unarmed Combat
  7274 | D:8      | Reached XP level 11. HP: 86/105 MP: 11/11
  7283 | D:8      | 7283 ||| Stepping ~*~*~tactically~*~*~ (outnumbered).
  7284 | D:8      | 7284 ||| Stepping ~*~*~tactically~*~*~ (outnumbered).
  7448 | D:8      | 7448 ||| INVOKING Fiery Armour.
  7456 | D:8      | 7456 ||| Stepping ~*~*~tactically~*~*~ (outnumbered).
  7457 | D:8      | 7457 ||| Stepping ~*~*~tactically~*~*~ (outnumbered).
  7458 | D:8      | 7458 ||| Stepping ~*~*~tactically~*~*~ (outnumbered).
  7459 | D:8      | 7459 ||| Stepping ~*~*~tactically~*~*~ (outnumbered).
  7481 | D:8      | 7481 ||| Stepping ~*~*~tactically~*~*~ (outnumbered).
  7482 | D:8      | 7482 ||| Stepping ~*~*~tactically~*~*~ (outnumbered).
  7483 | D:8      | 7483 ||| Stepping ~*~*~tactically~*~*~ (outnumbered).
  7484 | D:8      | 7484 ||| Stepping ~*~*~tactically~*~*~ (outnumbered).
  7650 | D:8      | Found a burning altar of Makhleb.
  7781 | D:8      | 7781 ||| Stepping ~*~*~tactically~*~*~ (stealth).
  7783 | D:8      | 7783 ||| Stepping ~*~*~tactically~*~*~ (hiding).
  7854 | D:8      | 7854 ||| Stepping ~*~*~tactically~*~*~ (stealth).
  7974 | D:8      | 7974 ||| Stepping ~*~*~tactically~*~*~ (outnumbered).
  8151 | D:8      | 8151 ||| DROPPING scarf of harm.
  8152 | D:8      | 8152 ||| DROPPING ring of ice.
  8182 | D:8      | 8182 ||| Stepping ~*~*~tactically~*~*~ (stealth).
  8203 | D:8      | 8203 ||| Stepping ~*~*~tactically~*~*~ (hiding).
  8283 | D:9      | Found a staircase to the Orcish Mines.
  8423 | D:9      | Found a large runed translucent door.
  8424 | D:9      | Found a large runed translucent door.
  8619 | D:9      | 8619 ||| DROPPING scarf of harm.
  8712 | D:10     | 8712 ||| BUYING potion of mutation (120 gold).
  8712 | D:10     | Bought a potion of mutation for 120 gold pieces
  8712 | D:10     | 8712 ||| BUYING potion of mutation (120 gold).
  8712 | D:10     | Bought a potion of mutation for 120 gold pieces
  8733 | D:10     | Noticed Harold
  8734 | D:10     | Noticed Joseph
  8735 | D:10     | 8735 ||| Stepping ~*~*~tactically~*~*~ (hiding).
  8737 | D:10     | 8737 ||| Stepping ~*~*~tactically~*~*~ (outnumbered).
  8740 | D:10     | 8740 ||| INVOKING Fiery Armour.
  8752 | D:10     | Killed Harold
  8753 | D:10     | 8753 ||| Stepping ~*~*~tactically~*~*~ (outnumbered).
  8754 | D:10     | 8754 ||| Stepping ~*~*~tactically~*~*~ (outnumbered).
  8755 | D:10     | 8755 ||| Stepping ~*~*~tactically~*~*~ (outnumbered).
  8764 | D:10     | Killed Joseph
  8765 | D:10     | 8765 ||| Stepping ~*~*~tactically~*~*~ (outnumbered).
  8768 | D:10     | 8768 ||| Stepping ~*~*~tactically~*~*~ (outnumbered).
  8769 | D:10     | 8769 ||| Stepping ~*~*~tactically~*~*~ (outnumbered).
  8770 | D:10     | 8770 ||| Stepping ~*~*~tactically~*~*~ (outnumbered).
  8901 | D:10     | 8901 ||| Stepping ~*~*~tactically~*~*~ (outnumbered).
  8902 | D:10     | 8902 ||| Stepping ~*~*~tactically~*~*~ (outnumbered).
  8906 | D:10     | Reached skill level 16 in Unarmed Combat
  8927 | D:10     | 8927 ||| Stepping ~*~*~tactically~*~*~ (outnumbered).
  8928 | D:10     | 8928 ||| Stepping ~*~*~tactically~*~*~ (outnumbered).
  9192 | D:10     | Noticed Maggie
  9203 | D:10     | Killed Maggie
  9306 | D:10     | 9306 ||| UPGRADING to +0 swamp dragon scales.
  9316 | D:10     | 9316 ||| DROPPING +0 troll leather armour.
  9317 | D:10     | 9317 ||| READING 6 scrolls of identify.
  9317 | D:10     | 9317 ||| IDENTIFYING grey potion
  9342 | D:11     | 9342 ||| READING scroll of enchant armour.
  9342 | D:11     | 9342 ||| ENCHANTING +0 swamp dragon scales.
  9349 | D:11     | Noticed an oklob plant
  9350 | D:11     | 9350 ||| Stepping ~*~*~tactically~*~*~ (hiding).
  9351 | D:11     | 9351 ||| Stepping ~*~*~tactically~*~*~ (hiding).
  9355 | D:11     | 9355 ||| Stepping ~*~*~tactically~*~*~ (hiding).
  9356 | D:11     | 9356 ||| INVOKING Fiery Armour.
  9360 | D:11     | 9360 ||| Stepping ~*~*~tactically~*~*~ (outnumbered).
  9361 | D:11     | 9361 ||| Stepping ~*~*~tactically~*~*~ (outnumbered).
  9371 | D:11     | Reached skill level 3 in Armour
  9390 | D:11     | Found a staircase to the Lair.
  9432 | D:11     | 9432 ||| Stepping ~*~*~tactically~*~*~ (hiding).
  9433 | D:11     | 9433 ||| Stepping ~*~*~tactically~*~*~ (hiding).
  9437 | D:11     | 9437 ||| Stepping ~*~*~tactically~*~*~ (hiding).
  9439 | D:11     | 9439 ||| Stepping ~*~*~tactically~*~*~ (hiding).
  9450 | D:11     | 9450 ||| Stepping ~*~*~tactically~*~*~ (stealth).
  9518 | D:11     | 9518 ||| INVOKING Fiery Armour.
  9533 | D:11     | 9533 ||| Stepping ~*~*~tactically~*~*~ (stealth).
  9546 | D:11     | 9546 ||| Stepping ~*~*~tactically~*~*~ (stealth).
  9547 | D:11     | 9547 ||| Stepping ~*~*~tactically~*~*~ (stealth).
  9548 | D:11     | 9548 ||| Stepping ~*~*~tactically~*~*~ (stealth).
  9639 | D:11     | 9639 ||| INVOKING Fiery Armour.
  9645 | D:11     | Killed an oklob plant
  9728 | D:11     | 9728 ||| FLEEEEING.
  9729 | D:11     | 9729 ||| FLEEEEING.
  9730 | D:11     | 9730 ||| FLEEEEING.
  9735 | D:11     | 9735 ||| FLEEEEING.
  9736 | D:11     | 9736 ||| FLEEEEING.
  9737 | D:11     | 9737 ||| FLEEEEING.
  9738 | D:11     | 9738 ||| FLEEEEING.
  9739 | D:11     | 9739 ||| FLEEEEING.
  9743 | D:11     | 9743 ||| FLEEEEING.
  9744 | D:11     | 9744 ||| FLEEEEING.
  9745 | D:11     | 9745 ||| FLEEEEING.
  9746 | D:11     | 9746 ||| FLEEEEING.
  9747 | D:11     | 9747 ||| FLEEEEING.
  9748 | D:11     | 9748 ||| FLEEEEING.
  9808 | D:11     | Reached XP level 12. HP: 114/118 MP: 12/12
 10085 | D:11     | 10085 ||| PLANNING LAIR
 10085 | D:11     | 10085 ||| READING scroll labelled HAN WASKON.
 10152 | Lair:1   | Entered Level 1 of the Lair of Beasts
 10152 | Lair:1   | Noticed a boulder beetle
 10153 | Lair:1   | 10153 ||| INVOKING Fiery Armour.
 10164 | Lair:1   | 10164 ||| Stepping ~*~*~tactically~*~*~ (outnumbered).
 10164 | Lair:1   | HP: 29/118 [wolf (5)]
 10165 | Lair:1   | 10165 ||| READING scroll of teleportation.
 10166 | Lair:1   | 10166 ||| DRINKING 3 potions of heal wounds.
 10167 | Lair:1   | 10167 ||| DRINKING 2 potions of heal wounds.
 10168 | Lair:1   | 10168 ||| PLANNING TEMPLE
 10186 | Lair:1   | HP: 18/118 [polar bear (19)]
 10187 | Lair:1   | 10187 ||| DRINKING potion of heal wounds.
 10194 | Lair:1   | Reached skill level 6 in Throwing
 10195 | Lair:1   | HP: 26/118 [water moccasin (4)]
 10204 | Lair:1   | HP: 14/118 [boulder beetle (17)]
 10208 | Lair:1   | Killed a boulder beetle
 10210 | Lair:1   | HP: 4/118 [komodo dragon (18)]
 10220 | Lair:1   | HP: 10/118 [water moccasin (7)]
 10305 | Lair:1   | 10305 ||| Stepping ~*~*~tactically~*~*~ (outnumbered).
 10306 | Lair:1   | 10306 ||| Stepping ~*~*~tactically~*~*~ (outnumbered).
 10307 | Lair:1   | 10307 ||| Stepping ~*~*~tactically~*~*~ (outnumbered).
 10308 | Lair:1   | 10308 ||| Stepping ~*~*~tactically~*~*~ (outnumbered).
 10324 | Lair:1   | Reached skill level 17 in Unarmed Combat
 10349 | Lair:1   | 10349 ||| READING scroll of enchant armour.
 10349 | Lair:1   | 10349 ||| ENCHANTING +1 swamp dragon scales.
 10408 | Lair:1   | 10408 ||| READING scroll labelled WUSSYMMOEME.
 10583 | Temple   | Entered the Ecumenical Temple
 10612 | Temple   | 10612 ||| PLANNING CONVERSION TO OKAWARU
 10619 | Temple   | Fell from the grace of Ignis
 10619 | Temple   | Became a worshipper of Warmaster Okawaru
 10620 | Temple   | 10620 ||| PLANNING LAIR
 10943 | Lair:2   | Noticed a boulder beetle
 10944 | Lair:2   | 10944 ||| Stepping ~*~*~tactically~*~*~ (stealth).
 10945 | Lair:2   | 10945 ||| Stepping ~*~*~tactically~*~*~ (stealth).
 10948 | Lair:2   | 10948 ||| Stepping ~*~*~tactically~*~*~ (stealth).
 10964 | Lair:2   | 10964 ||| Stepping ~*~*~tactically~*~*~ (stealth).
 10976 | Lair:2   | Killed a boulder beetle
 10976 | Lair:2   | Reached * piety under Okawaru
 10979 | Lair:2   | 10979 ||| FLEEEEING.
 10989 | Lair:2   | 10989 ||| FLEEEEING.
 10990 | Lair:2   | 10990 ||| STAIRDANCE
 11011 | Lair:2   | 11011 ||| STAIRDANCE
 11057 | Lair:2   | 11057 ||| READING scroll of enchant armour.
 11057 | Lair:2   | 11057 ||| ENCHANTING +2 swamp dragon scales.
 11064 | Lair:2   | Noticed Gastronok
 11064 | Lair:2   | Noticed a death yak
 11065 | Lair:2   | 11065 ||| INVOKING Heroism.
 11066 | Lair:2   | Noticed a death yak
 11066 | Lair:2   | Noticed a death yak
 11067 | Lair:2   | 11067 ||| Stepping ~*~*~tactically~*~*~ (hiding).
 11073 | Lair:2   | Killed Gastronok
 11074 | Lair:2   | 11074 ||| Stepping ~*~*~tactically~*~*~ (outnumbered).
 11075 | Lair:2   | 11075 ||| Stepping ~*~*~tactically~*~*~ (outnumbered).
 11076 | Lair:2   | 11076 ||| Stepping ~*~*~tactically~*~*~ (outnumbered).
 11077 | Lair:2   | 11077 ||| INVOKING Heroism.
 11078 | Lair:2   | 11078 ||| Stepping ~*~*~tactically~*~*~ (outnumbered).
 11079 | Lair:2   | 11079 ||| Stepping ~*~*~tactically~*~*~ (outnumbered).
 11080 | Lair:2   | 11080 ||| Stepping ~*~*~tactically~*~*~ (outnumbered).
 11081 | Lair:2   | 11081 ||| Stepping ~*~*~tactically~*~*~ (outnumbered).
 11084 | Lair:2   | 11084 ||| Stepping ~*~*~tactically~*~*~ (outnumbered).
 11085 | Lair:2   | 11085 ||| Stepping ~*~*~tactically~*~*~ (outnumbered).
 11086 | Lair:2   | 11086 ||| Stepping ~*~*~tactically~*~*~ (outnumbered).
 11087 | Lair:2   | 11087 ||| Stepping ~*~*~tactically~*~*~ (outnumbered).
 11090 | Lair:2   | Killed a death yak
 11093 | Lair:2   | 11093 ||| Stepping ~*~*~tactically~*~*~ (outnumbered).
 11094 | Lair:2   | 11094 ||| Stepping ~*~*~tactically~*~*~ (outnumbered).
 11095 | Lair:2   | 11095 ||| Stepping ~*~*~tactically~*~*~ (outnumbered).
 11096 | Lair:2   | 11096 ||| INVOKING Heroism.
 11097 | Lair:2   | 11097 ||| Stepping ~*~*~tactically~*~*~ (outnumbered).
 11102 | Lair:2   | Killed a death yak
 11106 | Lair:2   | Killed a death yak
 11107 | Lair:2   | Reached skill level 18 in Unarmed Combat
 11107 | Lair:2   | Reached skill level 3 in Invocations
 11160 | Lair:2   | 11160 ||| Stepping ~*~*~tactically~*~*~ (stealth).
 11162 | Lair:2   | 11162 ||| Stepping ~*~*~tactically~*~*~ (stealth).
 11163 | Lair:2   | 11163 ||| Stepping ~*~*~tactically~*~*~ (stealth).
 11165 | Lair:2   | 11165 ||| Stepping ~*~*~tactically~*~*~ (stealth).
 11167 | Lair:2   | Reached ** piety under Okawaru
 11179 | Lair:2   | Reached XP level 13. HP: 124/124 MP: 14/14
 11322 | Lair:2   | 11322 ||| Stepping ~*~*~tactically~*~*~ (outnumbered).
 11330 | Lair:2   | 11330 ||| INVOKING Heroism.
 11665 | Lair:2   | 11665 ||| UPGRADING to +2 hat.
 11670 | Lair:2   | 11670 ||| DROPPING +1 hat.
 11671 | Lair:2   | 11671 ||| UPGRADING to +6 ring of dexterity.
 11673 | Lair:2   | 11673 ||| DROPPING ring of willpower.
 11765 | Lair:3   | 11765 ||| INVOKING Heroism.
 11770 | Lair:3   | 11770 ||| Stepping ~*~*~tactically~*~*~ (outnumbered).
 11772 | Lair:3   | 11772 ||| Stepping ~*~*~tactically~*~*~ (stealth).
 11788 | Lair:3   | 11788 ||| Stepping ~*~*~tactically~*~*~ (outnumbered).
 11791 | Lair:3   | Reached skill level 3 in Dodging
 11792 | Lair:3   | 11792 ||| Stepping ~*~*~tactically~*~*~ (stealth).
 11793 | Lair:3   | 11793 ||| INVOKING Heroism.
 11887 | Lair:3   | 11887 ||| INVOKING Heroism.
 12013 | Lair:3   | 12013 ||| Stepping ~*~*~tactically~*~*~ (hiding).
 12014 | Lair:3   | 12014 ||| INVOKING Heroism.
 12016 | Lair:3   | Found a staircase to the Shoals.
 12030 | Lair:3   | 12030 ||| Stepping ~*~*~tactically~*~*~ (stealth).
 12032 | Lair:3   | 12032 ||| Stepping ~*~*~tactically~*~*~ (stealth).
 12036 | Lair:3   | 12036 ||| Stepping ~*~*~tactically~*~*~ (stealth).
 12142 | Lair:3   | Found a hole to the Spider Nest.
 12154 | Lair:3   | Reached *** piety under Okawaru
 12234 | Lair:3   | 12234 ||| INVOKING Heroism.
 12249 | Lair:3   | 12249 ||| FLEEEEING.
 12268 | Lair:3   | 12268 ||| INVOKING Heroism.
 12310 | Lair:3   | 12310 ||| INVOKING Heroism.
 12319 | Lair:3   | 12319 ||| FLEEEEING.
 12320 | Lair:3   | 12320 ||| FLEEEEING.
 12321 | Lair:3   | 12321 ||| FLEEEEING.
 12375 | Lair:3   | 12375 ||| FLEEEEING.
 12498 | Lair:3   | 12498 ||| INVOKING Heroism.
 12515 | Lair:3   | 12515 ||| FLEEEEING.
 12516 | Lair:3   | 12516 ||| FLEEEEING.
 12636 | Lair:3   | 12636 ||| FLEEEEING.
 12718 | Lair:3   | 12718 ||| INVOKING Heroism.
 12763 | Lair:3   | 12763 ||| FLEEEEING.
 12764 | Lair:3   | 12764 ||| FLEEEEING.
 12777 | Lair:3   | 12777 ||| INVOKING Heroism.
 12801 | Lair:3   | 12801 ||| READING 2 scrolls of teleportation.
 12955 | Lair:3   | 12955 ||| INVOKING Heroism.
 12969 | Lair:3   | HP: 14/127 [oklob plant/splash of acid (31)]
 12970 | Lair:3   | 12970 ||| READING scroll of teleportation.
 13144 | Lair:3   | 13144 ||| INVOKING Heroism.
 13147 | Lair:3   | 13147 ||| FLEEEEING.
 13185 | Lair:3   | You fall into a shaft and drop 2 floors!
 13185 | Lair:5   | Entered Level 5 of the Lair of Beasts
 13265 | Lair:5   | 13265 ||| INVOKING Heroism.
 13280 | Lair:5   | 13280 ||| Stepping ~*~*~tactically~*~*~ (stealth).
 13295 | Lair:5   | 13295 ||| Stepping ~*~*~tactically~*~*~ (stealth).
 13356 | Lair:5   | 13356 ||| Stepping ~*~*~tactically~*~*~ (stealth).
 13392 | Lair:5   | 13392 ||| INVOKING Heroism.
 13395 | Lair:5   | 13395 ||| Stepping ~*~*~tactically~*~*~ (hiding).
 13396 | Lair:5   | 13396 ||| Stepping ~*~*~tactically~*~*~ (outnumbered).
 13397 | Lair:5   | 13397 ||| Stepping ~*~*~tactically~*~*~ (outnumbered).
 13398 | Lair:5   | 13398 ||| Stepping ~*~*~tactically~*~*~ (outnumbered).
 13422 | Lair:5   | Received a gift from Okawaru
 13423 | Lair:5   | Reached **** piety under Okawaru
 13430 | Lair:5   | 13430 ||| INVOKING Heroism.
 13464 | Lair:5   | 13464 ||| Stepping ~*~*~tactically~*~*~ (outnumbered).
 13468 | Lair:5   | 13468 ||| INVOKING Heroism.
 13468 | Lair:5   | Noticed Snorg
 13474 | Lair:5   | Received a gift from Okawaru
 13485 | Lair:5   | Killed Snorg
 13551 | Lair:5   | 13551 ||| Stepping ~*~*~tactically~*~*~ (stealth).
 13587 | Lair:5   | 13587 ||| READING 9 scrolls of identify.
 13587 | Lair:5   | 13587 ||| IDENTIFYING lumpy silvery potion
 13588 | Lair:5   | 13588 ||| DRINKING potion of experience.
 13588 | Lair:5   | Reached skill level 19 in Unarmed Combat
 13588 | Lair:5   | Reached skill level 6 in Invocations
 13588 | Lair:5   | Reached XP level 14. HP: 136/136 MP: 15/17
 13589 | Lair:5   | 13589 ||| READING 8 scrolls of identify.
 13589 | Lair:5   | 13589 ||| IDENTIFYING cyan potion
 13590 | Lair:5   | 13590 ||| DROPPING potion of lignification.
 13720 | Lair:3   | 13720 ||| INVOKING Heroism.
 13738 | Lair:3   | 13738 ||| INVOKING Heroism.
 13764 | Lair:3   | 13764 ||| DRINKING potion of cancellation.
 13774 | Lair:3   | 13774 ||| INVOKING Heroism.
 13787 | Lair:3   | 13787 ||| INVOKING Heroism.
 13808 | Lair:3   | 13808 ||| INVOKING Heroism.
 13809 | Lair:3   | HP: 31/136 [oklob plant/splash of acid (28)]
 13811 | Lair:3   | HP: 14/136 [oklob plant/splash of acid (21)]
 13812 | Lair:3   | Killed from afar by an oklob plant

Levels and vault maps discovered:
D:1:      tarquinn_simple_flora_water_a, layout_loops_ring,
          ebering_ecumenical_altar_rust
D:2:      minmay_skewed_foursquare, layout_basic, amethyst_killhole, minivault_5
D:3:      layout_basic, mainiacjoe_overflow_cross_hatched
D:4:      layout_basic, nicolae_vehumet_altar_sigil,
          nicolae_tso_swordbearing_angel, minivault_1, nicolae_stop_n_shop_1,
          amcnicky_mini_corridor_feature
D:5:      layout_basic
D:6:      wander_river, layout_basic, minmay_temple_entry_hall
D:7:      dreamdust_elfheim, layout_basic, lemuel_tele_altar,
          gammafunk_ghost_smash, enter_bailey_7
D:8:      lemuel_castle_with_subvaults [lemuel_castle_interior_original],
          layout_rooms, lemuel_round_altar, grunt_decor_one_mirror
D:9:      minmay_clustersquares, layout_cave_pods, jmf_multi_god_temple2,
          amcnicky_altar_gilded
D:10:     layout_small_grid, mainiacjoe_overflow_surrounded_room,
          ploomutoo_gammafunk_ghost_potion_laboratory,
          nicolae_transmutations_shop, uniq_joseph, uniq_harold, uniq_maggie
D:11:     layout_irregular_city, dpeg_oklobed_lair,
          nicolae_looking_at_the_future
Temple:   oiseaux_autumnal_temple
Lair:1:   layout_big_grid
Lair:2:   layout_misc_corridors, lemuel_fruit_tree, serial_bayou_shore_a,
          uniq_gastronok
Lair:3:   layout_misc_corridors, minmay_shoals_entry_beasts,
          nicolae_spider_entry_orb_guardian, minmay_lair_oklob_bushes
Lair:4:   layout_gridlike, slime_entry_1, serial_bayou_pond_e, roderic_batcave,
          serial_bayou_pond_a, grunt_megastairs_2, infiniplex_staircase_pool_2
Lair:5:   gammafunk_lair_ancient_temple, layout_regular_city,
          grunt_megastairs_5, uniq_snorg

Skill      XL: |  1  2  3  4  5  6  7  8  9 10 11 12 13 |
---------------+----------------------------------------+-----
Unarmed Combat | 4 5 6 8 9 10 12 15 16 18 19 | 19.0
Fighting       | 3 5 6 7 8 |  8.0
Dodging        | 1 2 4 |  4.1
Throwing       | 1 3 4 7 8 |  8.0
Armour         | 1 3 4 |  4.0
Invocations    | 3 6 |  6.4
Spellcasting   | |  1.0
Fire Magic     | |  2.1

Action                   |  1- 3 |  4- 6 |  7- 9 | 10-12 | 13-15 || total
-------------------------+-------+-------+-------+-------+-------++-------
Melee: Unarmed           |    99 |   119 |   159 |   497 |   202 ||  1076
       Punch             |       |     1 |     1 |    42 |    24 ||    68
Throw: Boomerang         |       |       |    17 |     8 |     4 ||    29
       Javelin           |       |       |     1 |    54 |     7 ||    62
       Large rock        |       |       |       |    17 |    20 ||    37
Invok: Fiery Armour      |     1 |     1 |     3 |     8 |       ||    13
       Heroism           |       |       |       |     3 |    22 ||    25
  Use: Scroll            |     4 |     8 |     6 |     8 |     4 ||    30
       Potion            |       |     2 |     1 |     4 |     2 ||     9
 Stab: Invisible         |       |       |     3 |       |       ||     3
Armor: Robe              |    29 |    34 |    29 |    13 |       ||   105
       Troll leather arm |       |       |       |    49 |       ||    49
       Swamp dragon scal |       |       |       |   157 |    70 ||   227
Dodge: Dodged            |    34 |    32 |    54 |   243 |   107 ||   470
Block: Other             |     5 |    10 |    25 |     4 |       ||    44
       Reflection        |     2 |     1 |       |     1 |       ||     4

Table legend:
 A = Non-vault XP
 B = Vault XP
 C = Vault XP percentage of total XP
 D = Non-vault monster count
 E = Vault monster count
 F = Vault count percentage of total count
                 A         B        C        D         E       F
            +---------+---------+-------+---------+---------+-------
      Total |   36483 |   23168 |  38.8 |     289 |     120 |  29.3
            +---------+---------+-------+---------+---------+-------
        D:1 |      47 |       0 |   0.0 |      28 |       0 |   0.0
        D:2 |     107 |      25 |  18.9 |      15 |       9 |  37.5
        D:3 |       4 |       0 |   0.0 |       3 |       0 |   0.0
        D:4 |      92 |       0 |   0.0 |      15 |       0 |   0.0
        D:5 |     477 |       0 |   0.0 |      12 |       0 |   0.0
        D:6 |     415 |       0 |   0.0 |       9 |       0 |   0.0
        D:7 |     423 |     255 |  37.6 |       7 |       6 |  46.2
        D:8 |    1777 |    3916 |  68.8 |      28 |      54 |  65.9
        D:9 |    2137 |    1646 |  43.5 |      20 |       8 |  28.6
       D:10 |    3805 |    1741 |  31.4 |      30 |       3 |   9.1
       D:11 |    3964 |    1330 |  25.1 |      26 |      10 |  27.8
     Lair:1 |    8380 |       0 |   0.0 |      38 |       0 |   0.0
     Lair:2 |    7042 |    1492 |  17.5 |      21 |       1 |   4.5
     Lair:3 |    4067 |    1458 |  26.4 |      21 |       3 |  12.5
     Lair:5 |    3746 |   11305 |  75.1 |      16 |      26 |  61.9
            +---------+---------+-------+---------+---------+-------
